 Dungeon Crawl Stone Soup version 0.18.1-48-g4cf74bf (webtiles) character file.

6904 spiff the Grappler (level 10, -12/98 HPs)
             Began as a Troll Earth Elementalist on June 27, 2016.
             Was a Priest of Qazlal.
             Mangled by a freezing wraith (19 damage)
             ... on level 10 of the Dungeon.
             The game lasted 00:21:55 (8055 turns).

spiff the Grappler (Troll Earth Elementalist)       Turns: 8055, Time: 00:21:56

Health: -12/98     AC: 11    Str: 20    XL:     10   Next: 79%
Magic:  11/11      EV:  9    Int: 16    God:    Qazlal [***...]
Gold:   528        SH:  4    Dex: 10    Spells: 2 memorised, 7 levels left

rFire  + . .     SeeInvis .       - Unarmed
rCold  . . .     Gourm    +     s - +0 robe of Xutabbiu {MR+ Int+4}
rNeg   . . .     Faith    .     (no shield)
rPois  .         Spirit   .     (helmet restricted)
rElec  .         Dismiss  .     v - +2 cloak
rCorr  .         Reflect  .     (gloves unavailable)
SustAt .         Harm     .     (boots unavailable)
MR     +....                    (no amulet)
Stlth  +.........               G - ring of protection from fire
                                q - +3 ring of protection

@: lethally poisoned (-12 -> -12), somewhat resistant to hostile enchantments,
very unstealthy
A: unfitting armour, claws 3, fast metabolism 3, gourmand, regeneration 2,
shaggy fur 1, tough skin 2
a: Upheaval, Elemental Force, Renounce Religion


You were on level 10 of the Dungeon.
You worshipped Qazlal.
Qazlal was most pleased with you.
You were very full.

You visited 1 branch of the dungeon, and saw 10 of its levels.

You collected 528 gold pieces.

Inventory:

Missiles
 b - 339 stones (quivered)
Armour
 a - a +1 robe
 s - the +0 robe of Xutabbiu (worn) {MR+ Int+4}
   (You found it on level 10 of the Dungeon)

   It affects your intelligence (+4).
   It affects your resistance to hostile enchantments.
 v - a +2 cloak (worn)
 z - a +2 shield
Jewellery
 q - a +3 ring of protection (left claw)
 r - a +3 ring of intelligence
 u - a +4 ring of intelligence
 A - an uncursed ring of protection from magic
 G - a ring of protection from fire (right claw)
Wands
 e - a wand of iceblast (8/15)
 H - a wand of teleportation (3/9)
Scrolls
 h - 2 scrolls of enchant weapon
 k - 4 scrolls of teleportation
 o - 3 scrolls of remove curse
 p - a scroll of amnesia
 x - a scroll of enchant armour
 y - a scroll of blinking
 E - 2 scrolls of magic mapping
Potions
 f - a potion of haste {unknown}
 g - 3 potions of flight
 i - 2 potions of heal wounds {unknown}
 j - 4 potions of lignification
 m - 4 potions of curing
 n - a potion of cancellation {unknown}
 C - a potion of magic {unknown}
 D - 3 potions of might
 I - a potion of degeneration {unknown}
Books
 c - a book of Geomancy

   Spells                             Type                      Level
   a - Sandblast                      Earth                        1
   b - Passwall                       Transmutation/Earth          2
   c - Stone Arrow                    Conjuration/Earth            3
   d - Petrify                        Transmutation/Earth          4
   e - Lee's Rapid Deconstruction     Earth                        5
 F - a book of Debilitation

   Spells                             Type                      Level
   a - Corona                         Hexes                        1
   b - Slow                           Hexes                        2
   c - Gell's Gravitas                Hexes/Translocation          3
   d - Inner Flame                    Hexes/Fire                   3
   e - Cause Fear                     Hexes                        4
   f - Leda's Liquefaction            Hexes/Earth                  4
Comestibles
 d - 11 bread rations
 l - 7 meat rations
 t - 2 beef jerkies
 w - 2 slices of pizza
 B - a royal jelly


   Skills:
 - Level 6.0 Fighting
 - Level 1.5 Dodging
 - Level 1.1 Stealth
 - Level 12.1 Unarmed Combat
 - Level 1.4 Spellcasting
   Level 0.6 Transmutations
 + Level 8.0 Earth Magic


You had 7 spell levels left.
You knew the following spells:

 Your Spells              Type           Power        Failure   Level  Hunger
a - Sandblast             Erth           ####..       1%          1    ##.....
q - Stone Arrow           Conj/Erth      ##....       14%         3    ####...


Dungeon Overview and Level Annotations

Branches:
Dungeon (10/15)            Temple (0/1) D:7             Orc (0/2) D:9
   Lair: D:8-11

Altars:
Ashenzari
Elyvilon
Fedhas
Qazlal
Trog
Xom
Yredelemnul
Beogh

Shops:
D:7 :

Annotations:
D:3 Pikel


Innate Abilities, Weirdness & Mutations

You are too large for most types of armour.
You have claws for hands.
Your metabolism is lightning-fast.
You like to eat raw meat.
You heal very quickly.
You are covered in fur (AC +1).
You have very tough skin (AC +2).


Message History

Your Earth Magic skill increases to level 8!
The orc warrior barely misses you.
You barely miss the freezing wraith.
The freezing wraith is lightly damaged.
You feel sick.
You block the freezing wraith's attack. x2
The orc warrior barely misses you.
You scratch the freezing wraith but do no damage.
The freezing wraith is lightly damaged.
The freezing wraith hits you! The freezing wraith freezes you!!
* * * LOW HITPOINT WARNING * * *
The freezing wraith hits you.
* * * LOW HITPOINT WARNING * * *
The freezing wraith drains your vigour!
You feel yourself slow down.
You feel sick.
The freezing wraith barely misses you. x2
You feel sick.
You feel yourself speed up.
You feel sick. The freezing wraith hits you.
* * * LOW HITPOINT WARNING * * *
The freezing wraith freezes you!!
You die...

... #......# #....# #''# #####)†#
#.....#########
####......#...######
#.o....#...#....#
#.W....#...#....#
#.@§...#...#....# #########
#......#...#....# ........#
#......'...#....#
........#######......#..###..##
...................###..###..####
...................#.............
.#'#####...........#.............
.+.....#........(.[####+##.######
.#.....#####'##.......#.##.######


You could see a freezing wraith and an orc warrior.

Vanquished Creatures
  Erica (D:8)
  The ghost of Aelig the Infuser, a novice DsSk of Kikubaaqudgha (D:10)
  A hill giant (D:10)
  Grinder (D:6)
  Sigmund (D:6)
  A wyvern (D:9)
  A yak (D:7)
  A hungry ghost (D:10)
  Menkaure (D:6)
  A water moccasin (D:7)
  3 slaves (D:4)
  8 orc warriors
  A sky beast (D:10)
  An ice beast (D:9)
  4 phantoms
  5 ogres
  2 centaurs
  3 big kobolds
  7 giant frogs
  A gnoll sergeant (D:5)
  2 wyvern skeletons
  4 scorpions
  5 killer bees
  3 wights (D:8)
  2 howler monkeys
  A crimson imp (D:8)
  A wasp zombie (D:7)
  5 orc priests
  2 hounds
  2 jellies
  Crazy Yiuf (D:7)
  A giant frog skeleton (D:9)
  5 orc wizards
  5 worker ants
  A killer bee zombie (D:6)
  A sheep (D:8)
  A hound skeleton (D:4)
  A howler monkey zombie (D:8)
  4 gnolls
  7 adders
  An ooze (D:6)
  An adder skeleton (D:4)
  2 worms
  4 dart slugs
  5 giant geckos
  36 orcs
  6 bats
  2 giant cockroaches (D:2)
  6 goblins
  4 hobgoblins
  3 jackals (D:1)
  5 quokkas
  9 giant newts
  13 kobolds
  7 rats
203 creatures vanquished.

Notes
Turn   | Place    | Note
--------------------------------------------------------------
     0 | D:1      | spiff the Troll Earth Elementalist began the quest for the Orb.
     0 | D:1      | Reached XP level 1. HP: 16/16 MP: 1/1
    27 | D:1      | Reached skill level 1 in Unarmed Combat
   159 | D:1      | Reached XP level 2. HP: 24/24 MP: 2/2
   185 | D:1      | Reached skill level 2 in Unarmed Combat
   756 | D:2      | Reached XP level 3. HP: 25/32 MP: 3/3
  1017 | D:2      | Reached skill level 3 in Unarmed Combat
  1314 | D:2      | Found a stormy altar of Qazlal.
  1406 | D:2      | Became a worshipper of Qazlal Stormbringer
  1736 | D:3      | Reached XP level 4. HP: 36/40 MP: 4/4
  1865 | D:3      | Reached skill level 4 in Unarmed Combat
  2022 | D:3      | Noticed a giant frog
  2035 | D:3      | Killed a giant frog
  2035 | D:3      | Reached XP level 5. HP: 15/46 MP: 5/5
  2333 | D:4      | Reached skill level 5 in Unarmed Combat
  2542 | D:4      | Noticed a slave
  2543 | D:4      | Noticed a slave
  2544 | D:4      | Noticed Pikel
  2547 | D:4      | Noticed a slave
  2549 | D:4      | Noticed a slave
  3154 | D:4      | Killed a slave
  3211 | D:4      | Killed a slave
  3238 | D:5      | Entered Level 5 of the Dungeon
  3238 | D:5      | Noticed a centaur
  3253 | D:5      | Noticed an ogre
  3289 | D:4      | HP: 1/46 [ogre/giant spiked club (16)]
  3290 | D:4      | Killed an ogre
  3290 | D:4      | Reached skill level 6 in Unarmed Combat
  3290 | D:4      | Reached XP level 6. HP: 1/54 MP: 6/6
  3508 | D:4      | Killed a slave
  3690 | D:5      | Reached * piety under Qazlal
  3713 | D:5      | Reached skill level 7 in Unarmed Combat
  3719 | D:5      | Reached XP level 7. HP: 53/61 MP: 7/7
  3837 | D:5      | Found a white marble altar of Elyvilon.
  3935 | D:6      | Noticed Sigmund
  3964 | D:6      | Killed Sigmund
  4026 | D:6      | Noticed Menkaure
  4030 | D:6      | Killed Menkaure
  4030 | D:6      | Reached skill level 8 in Unarmed Combat
  4169 | D:6      | Found a shimmering altar of Xom.
  4403 | D:5      | Reached skill level 9 in Unarmed Combat
  4507 | D:5      | Reached XP level 8. HP: 57/68 MP: 8/8
  4694 | D:6      | Noticed Grinder
  4705 | D:6      | Killed Grinder
  4705 | D:6      | Reached skill level 10 in Unarmed Combat
  5164 | D:7      | Reached skill level 11 in Unarmed Combat
  5331 | D:7      | Reached ** piety under Qazlal
  5331 | D:7      | Reached XP level 9. HP: 28/75 MP: 7/9
  5468 | D:7      | Found a bloodstained altar of Trog.
  5469 | D:7      | Found a shimmering altar of Xom.
  5528 | D:7      | Found a basalt altar of Yredelemnul.
  5585 | D:7      | Found a staircase to the Ecumenical Temple.
  5613 | D:7      | Reached skill level 12 in Unarmed Combat
  5845 | D:7      | Found a shattered altar of Ashenzari.
  5929 | D:7      | Noticed Crazy Yiuf
  5938 | D:7      | Killed Crazy Yiuf
  5938 | D:7      | Reached skill level 1 in Fighting
  6100 | D:7      | Found Ragiuhue's Book Emporium.
  6110 | D:7      | Learned a level 3 spell: Stone Arrow
  6394 | D:8      | Noticed a two-headed hydra
  6459 | D:8      | Noticed Erica
  6478 | D:8      | Killed Erica
  6478 | D:8      | Reached skill level 5 in Fighting
  6586 | D:8      | Reached XP level 10. HP: 98/98 MP: 10/10
  6850 | D:9      | Found a roughly hewn altar of Beogh.
  6850 | D:9      | Found a staircase to the Orcish Mines.
  6890 | D:9      | Reached *** piety under Qazlal
  7080 | D:9      | Reached skill level 5 in Earth Magic
  7269 | D:9      | Found a blossoming altar of Fedhas.
  7635 | D:10     | Entered Level 10 of the Dungeon
  7639 | D:10     | Noticed Aelig's ghost (novice DsSk)
  7652 | D:10     | Killed Aelig's ghost
  7655 | D:10     | Got an ichor-stained robe
  7689 | D:10     | Identified the +0 robe of Xutabbiu {MR+ Int+4} (You found it on level 10 of the Dungeon)
  7878 | D:10     | Noticed a hill giant
  7887 | D:10     | Killed a hill giant
  8055 | D:10     | Mangled by a freezing wraith

Skill      XL: |  1  2  3  4  5  6  7  8  9 10 |
---------------+-------------------------------+-----
Unarmed Combat | 1 2 3 4 6 7 9 11 12 | 12.1
Fighting       | 5 6 |  6.0
Earth Magic    | 8 |  8.0
Dodging        | |  1.5
Stealth        | |  1.1
Spellcasting   | |  1.4
Transmutations | |  0.6

Action                   |  1- 3 |  4- 6 |  7- 9 | 10-12 || total
-------------------------+-------+-------+-------+-------++-------
Melee: Unarmed           |   148 |   160 |   255 |   179 ||   742
       Punch             |     1 |     1 |     6 |     5 ||    13
 Cast: Sandblast         |     2 |       |     1 |       ||     3
  Use: Scroll            |       |     8 |     6 |       ||    14
       Potion            |       |       |       |     1 ||     1
 Stab: Sleeping          |     3 |     1 |       |       ||     4
  Eat: Chunk             |    19 |    21 |    23 |    19 ||    82
Armor: Robe              |    76 |    61 |    84 |    42 ||   263
Dodge: Dodged            |    83 |    71 |    89 |    47 ||   290
Block: Other             |       |     3 |    14 |    17 ||    34
       Shield            |       |       |     5 |       ||     5
